 Dungeon Crawl Stone Soup version 0.27.0-1-g7a089689b8 (webtiles) character file.

Game seed: 18109013687881595181

14049 gimp the Severer (level 11, -2/97 HPs)
             Began as a Minotaur Artificer on July 31, 2021.
             Was an Elder of Trog.
             Slain by a vault guard (14 damage)
             ... on level 13 of the Dungeon.
             The game lasted 00:19:52 (13098 turns).

gimp the Severer (Minotaur Artificer)              Turns: 13098, Time: 00:19:52

Health: -2/97      AC: 18    Str: 20    XL:     11   Next: 83%
Magic:  10/10      EV: 12    Int:  8    God:    Trog [****..]
Gold:   0          SH:  5    Dex: 11    Spells: 10/10 levels left

rFire    . . .     SeeInvis +   a - +0 war axe (vamp)
rCold    . . .     Faith    .   (no shield)
rNeg     . . .     Spirit   .   t - +3 chain mail {rPois}
rPois    +         Reflect  +   R - +1 hat
rElec    .         Harm     .   (no cloak)
rCorr    .         Rampage  .   V - +0 pair of gloves
Will     ++...                  O - +1 pair of boots
Stlth    ..........             I - amulet of reflection
HPRegen  1.26/turn              f - ring of see invisible
MPRegen  0.12/turn              P - +4 ring of evasion

@: strong-willed, on berserk cooldown, regenerating, slowed, studying Dodging,
very slow
A: horns 2, retaliatory headbutt
a: Renounce Religion, Berserk, Trog's Hand, Brothers in Arms


You were on level 13 of the Dungeon.
You worshipped Trog.
Trog was greatly pleased with you.
You visited 2 branches of the dungeon, and saw 13 of its levels.
You also visited: Ossuary.

You collected 522 gold pieces.
You spent 522 gold pieces at shops.

Inventory:

Hand Weapons
 a - a +0 vampiric war axe (weapon)
 b - a +2 flail of draining
 o - a +0 war axe
Missiles
 h - 4 javelins
 J - 62 poisoned darts (quivered)
 Q - a throwing net
Armour
 i - a +2 ring mail of cold resistance
 t - a +3 chain mail of poison resistance (worn)
 O - a +1 pair of boots (worn)
 R - a +1 hat (worn)
 V - a +0 pair of gloves (worn)
Jewellery
 f - a ring of see invisible (left hand)
 g - a +6 ring of dexterity
 I - an amulet of reflection (around neck)
 P - a +4 ring of evasion (right hand)
 S - a ring of positive energy
Wands
 c - a wand of flame (30)
 d - a wand of charming (13)
 p - a wand of polymorph (5)
 L - a wand of digging (3)
 M - a wand of iceblast (19)
Scrolls
 j - 11 scrolls of identify {unknown}
 k - 5 scrolls of amnesia {unknown}
 l - 2 scrolls of vulnerability {unknown}
 m - 3 scrolls of immolation {unknown}
 q - 4 scrolls of fog {unknown}
 v - a scroll of brand weapon {unknown}
 w - 3 scrolls of magic mapping {unknown}
 y - 2 scrolls of noise {unknown}
 z - a scroll of enchant armour {unknown}
 A - 5 scrolls of blinking {unknown}
 C - 4 scrolls of teleportation
 H - 2 scrolls of acquirement {unknown}
 N - a scroll of fear
Potions
 n - a potion of flight {unknown}
 r - 2 potions of degeneration {unknown}
 s - 4 potions of attraction {unknown}
 u - a potion of mutation {unknown}
 x - 4 potions of lignification {unknown}
 B - 3 potions of berserk rage
 D - 2 potions of ambrosia {unknown}
 E - 4 potions of curing {unknown}
 F - 2 potions of cancellation {unknown}
 G - 2 potions of haste {unknown}
 K - 5 potions of heal wounds {unknown}
 T - a potion of magic {unknown}
Miscellaneous
 e - a piece from Xom's chessboard (15/15)


   Skills:
 * Level 9.4 Fighting
 - Level 18.0 Axes
 * Level 6.8 Armour
 - Level 1.1 Dodging
 - Level 0.7 Stealth
 + Level 4.3 Evocations


You had 10 spell levels left.
You didn't know any spells.
Your spell library contained the following spells:

 Spells                   Type           Power      Damage    Failure   Level
 Sandblast                Erth           0%         2d4       98%         1
 Passwall                 Tmut/Erth      0%         N/A       99%         2
 Slow                     Hex            0%         N/A       99%         2
 Confusing Touch          Hex            0%         N/A       100%        3
 Lee's Rapid Deconstruct  Erth           0%         3d5*      100%        5
 Yara's Violent Unravell  Hex/Tmut       0%         3d3       100%        5


Dungeon Overview and Level Annotations

Branches:
Dungeon (11/15)            Temple (1/1) D:5            Lair (0/6) D:10
    Orc (0/2) D:10        Ossuary (visited)

Altars:
Ashenzari
Cheibriados
Dithmenos
Elyvilon
Fedhas
Gozag
Hepliaklqana
Kikubaaqudgha
Makhleb
Nemelex Xobeh
Okawaru
Qazlal
Ru
Sif Muna
Trog
Uskayaw
Vehumet
Wu Jian
Xom
Yredelemnul
Zin
The Shining One
Lugonu

Shops:
D:4 [   D:5 *   D:8 (   D:10 *[


Innate Abilities, Weirdness & Mutations

You have a pair of horns on your head.
You reflexively headbutt those who attack you in melee.


Message History

You block the vault guard's attack.
You take 9 damage, and have 43/97 hp.
The vault guard hits you with a +3 war axe!
* * * LOW HITPOINT WARNING * * *
You take 15 damage, and have 28/97 hp.
You regained 2 hp, and now have 30/97 hp.
You fail to use your ability.
The vault guard hits you with a +3 war axe.
* * * LOW HITPOINT WARNING * * *
The vault guard hits you with a +3 war axe.
* * * LOW HITPOINT WARNING * * *
You take 6 damage, and have 24/97 hp.
Your ogre goes berserk!
The vault guard hits you with a +3 war axe!
* * * LOW HITPOINT WARNING * * *
A vault guard comes into view. It is wielding a +0 broad axe.
You take 9 damage, and have 15/97 hp.
The vault guard hits you with a +3 war axe!
* * * LOW HITPOINT WARNING * * *
You hear a shout!
You take 7 damage, and have 8/97 hp.
You swap places.
Your ogre closely misses the vault guard.
The vault guard hits your ogre with a +3 war axe!!
Your ogre completely misses the vault guard.
You regained 2 hp, and now have 10/97 hp.
Okay, then.
Okay, then.
Unknown command.
Aiming: Charm
Press: ? - help, Shift-Dir - straight line, f - vault guard
Aim: a vault guard, wielding a +0 broad axe, wearing a +0 plate armour and wearing a +0 kite shield (chance to affect: 25%)
Okay, then.
Aiming: Charm
Press: ? - help, Shift-Dir - straight line, f - vault guard
Aim: a vault guard, wielding a +0 broad axe, wearing a +0 plate armour and wearing a +0 kite shield (chance to affect: 25%)
The vault guard resists with almost no effort.
The vault guard hits your ogre with a +3 war axe!
The vault guard hits you with a +0 broad axe!
You die... ppp

#.# #.# #.# #
#.# .# ###.####
#.# #......#
#.. ###$..?.)#
##p#
#........##
##@# #........#
##O##
#..$.....###p##
#........##p##
##........p##
#.........#
#)........#
#.........#
#.#########


You could see 4 vault guards and a friendly ogre (summoned, berserk).

Vanquished Creatures
  Harold (D:8)
  A hydra (D:7)
  2 two-headed ogres
  2 cyclopes
  Maurice (D:13)
  2 gargoyles (D:10)
  An unseen horror (D:8)
  3 slime creatures (D:7)
  3 shadows
  6 wyverns
  2 wraiths
  6 yaks (D:8)
  A steam dragon (D:8)
  2 vampire mosquitoes (D:11)
  A warg (D:10)
  6 water moccasins
  An acid dragon (D:9)
  5 orc warriors
  An ice beast (D:6)
  3 sky beasts
  6 black bears
  3 necrophages
  4 centaurs
  4 ogres
  A wolf (D:10)
  A kobold brigand (D:7)
  A phantom (D:6)
  3 scorpions
  A gnoll sergeant (D:9)
  A water moccasin zombie (D:5)
  6 killer bees (D:9)
  5 howler monkeys
  4 centaur zombies
  2 hounds
  2 jellies
  3 orc priests
  4 bullfrog skeletons
  A centaur skeleton (D:7)
  Jessica (D:2)
  2 iguanas (D:4)
  Terence (D:2)
  7 orc wizards
  A hound zombie (D:5)
  3 howler monkey zombies (D:6)
  14 mummies (Ossuary)
  8 gnolls
  5 adders
  A howler monkey skeleton (D:4)
  7 river rats (D:6)
  2 shadow imps
  A white imp (D:6)
  An ufetubus (D:6)
  A worm (D:4)
  2 dart slugs
  22 orcs
  8 endoplasms
  A giant cockroach (D:4)
  7 goblins
  7 hobgoblins
  11 jackals
  7 kobolds
  7 quokkas
  2 ball pythons
  3 bats
  4 frilled lizards
  2 gnoll skeletons (Ossuary)
  A goblin skeleton (Ossuary)
  A kobold skeleton (Ossuary)
  4 orc skeletons (Ossuary)
  23 rats
  11 rat skeletons (Ossuary)
280 creatures vanquished.

Vanquished Creatures (collateral kills)
  An orc (D:8)
1 creature vanquished.

Vanquished Creatures (others)
  A black bear (D:5)
  A bush (D:10)
  9 plants (D:10)
11 creatures vanquished.

Grand Total: 292 creatures vanquished

Notes
Turn   | Place    | Note
-------+----------+-------------------------------------------
     0 | D:1      | gimp the Minotaur Artificer began the quest for the Orb.
     0 | D:1      | Reached XP level 1. HP: 16/16 MP: 0/0
   267 | D:1      | Reached XP level 2. HP: 20/25 MP: 1/1
   585 | D:1      | Found a faded altar of an unknown god.
   890 | D:1      | Reached XP level 3. HP: 17/33 MP: 2/2
  1186 | D:2      | Noticed Jessica
  1190 | D:2      | Killed Jessica
  1350 | D:2      | Reached XP level 4. HP: 36/41 MP: 3/3
  1395 | D:2      | Noticed Terence
  1411 | D:2      | Killed Terence
  1412 | D:2      | Reached skill level 5 in Fighting
  2454 | D:3      | You fall into a shaft and drop 3 floors!
  2460 | D:6      | Reached skill level 1 in Axes
  2460 | D:6      | Reached XP level 5. HP: 43/50 MP: 4/4
  2552 | D:6      | Noticed a black bear
  2574 | D:6      | Killed a black bear
  2575 | D:6      | Reached skill level 2 in Axes
  2634 | D:6      | Reached skill level 3 in Axes
  2636 | D:6      | Reached XP level 6. HP: 36/57 MP: 5/5
  2751 | D:5      | Entered Level 5 of the Dungeon
  2756 | D:5      | Found a shadowy altar of Dithmenos.
  2822 | D:4      | Found a snail-covered altar of Cheibriados.
  2878 | D:4      | Reached skill level 4 in Axes
  3610 | D:4      | Reached skill level 5 in Axes
  4058 | D:4      | Found Puysivuf's Armour Shop.
  4061 | D:4      | Bought a +3 chain mail of poison resistance for 235 gold
                  | pieces
  4209 | D:5      | Reached XP level 7. HP: 64/66 MP: 6/6
  4215 | D:5      | Reached skill level 6 in Axes
  4361 | D:5      | Found Joni's General Store.
  4588 | D:5      | Found a staircase to the Ecumenical Temple.
  4686 | D:5      | Reached skill level 7 in Axes
  4749 | Temple   | Entered the Ecumenical Temple
  4783 | Temple   | Became a worshipper of Trog the Wrathful
  4854 | D:5      | Found a radiant altar of Vehumet.
  4911 | D:5      | Found a hide-covered altar of Uskayaw.
  4926 | D:5      | Reached skill level 8 in Axes
  5338 | D:6      | Noticed a wraith
  5366 | D:6      | Killed a wraith
  5367 | D:6      | Reached XP level 8. HP: 41/73 MP: 7/7
  5447 | D:6      | Reached skill level 9 in Axes
  5612 | D:6      | Found a basalt altar of Yredelemnul.
  5879 | D:6      | Reached skill level 10 in Axes
  6273 | D:6      | Reached * piety under Trog
  6311 | D:6      | Reached skill level 11 in Axes
  6542 | D:6      | Noticed a cyclops
  6568 | D:6      | Killed a cyclops
  6568 | D:6      | Reached ** piety under Trog
  6569 | D:6      | Reached skill level 12 in Axes
  6569 | D:6      | Reached XP level 9. HP: 68/79 MP: 8/8
  6874 | D:7      | Noticed a seven-headed hydra
  7001 | D:7      | Found a sand-covered staircase.
  7061 | Ossuary  | Entered an ossuary
  7312 | Ossuary  | Reached skill level 13 in Axes
  7600 | Ossuary  | Reached *** piety under Trog
  7926 | D:7      | Found a sacrificial altar of Ru.
  8304 | D:7      | Identified the +0 robe "Sioso" {rElec}
  8430 | D:7      | Reached skill level 14 in Axes
  8752 | D:7      | Noticed a cyclops
  8763 | D:7      | Killed a cyclops
  8764 | D:7      | Reached skill level 15 in Axes
  8764 | D:7      | Reached XP level 10. HP: 66/86 MP: 9/9
  9027 | D:7      | Killed a seven-headed hydra
  9161 | D:7      | Found a blossoming altar of Fedhas.
  9162 | D:7      | Found an ancient bone altar of Kikubaaqudgha.
  9163 | D:7      | Found an opulent altar of Gozag.
  9385 | D:8      | Identified the +2 ring mail of Bad Feelings {Will++}
  9439 | D:8      | Reached skill level 16 in Axes
  9765 | D:8      | Noticed a two-headed ogre
  9772 | D:8      | Killed a two-headed ogre
 10083 | D:8      | Found Tuampe's Antique Weapon Boutique.
 10094 | D:8      | Reached skill level 17 in Axes
 10106 | D:8      | Bought a runed war axe for 149 gold pieces
 10171 | D:8      | Noticed Harold
 10173 | D:8      | Found a glowing silver altar of Zin.
 10190 | D:8      | Killed Harold
 10191 | D:8      | Reached XP level 11. HP: 86/92 MP: 10/10
 10264 | D:8      | Found an iron altar of Okawaru.
 10329 | D:8      | Found a broken altar of Ashenzari.
 10481 | D:8      | Identified the +0 robe "Guxas" {rCorr MP+9 Slay+3}
 10503 | D:8      | Bought a runed hand axe for 138 gold pieces
 10784 | D:9      | Reached **** piety under Trog
 10803 | D:9      | Reached skill level 18 in Axes
 11435 | D:10     | Entered Level 10 of the Dungeon
 11565 | D:10     | Found Aghuisul's Specialty Armours.
 11599 | D:10     | Found Qiexup's Changing Room.
 11676 | D:10     | Noticed a two-headed ogre
 11690 | D:10     | Killed a two-headed ogre
 11691 | D:10     | Reached skill level 5 in Armour
 11698 | D:10     | Found a staircase to the Lair.
 11954 | D:10     | Found an ornate altar of the Wu Jian Council.
 12112 | D:10     | Found a white marble altar of Elyvilon.
 12181 | D:10     | Found a shimmering altar of Xom.
 12357 | D:10     | Found a staircase to the Orcish Mines.
 13064 | D:11     | Noticed a skeletal warrior
 13064 | D:11     | Noticed a skeletal warrior
 13072 | D:11     | You fall into a shaft and drop 2 floors!
 13072 | D:13     | Noticed a vault guard
 13072 | D:13     | Noticed a vault guard
 13072 | D:13     | Noticed Maurice
 13073 | D:13     | Noticed a vault guard
 13082 | D:13     | Killed Maurice
 13095 | D:13     | Noticed a vault guard
 13098 | D:13     | Slain by a vault guard

Illustrated notes

Levels and vault maps discovered:
D:1:      lemuel_arrival_lava_pool, layout_basic, shapermc_ecumenical_altar_gd
D:2:      layout_loops_ring, uniq_jessica, uniq_terence
D:3:      layout_loops_ring, chequers_serial_rivers_micro_d
D:4:      layout_basic, lemuel_crystal_altar, serial_shops, kennysheep_mini_moat
D:5:      layout_rooms, fiery_altar_vehumet, mainiacjoe_overflow_catwalk,
          old_standard_altar, minmay_temple_entry_glassed_door, serial_shops,
          shop, minmay_misc_feat_encased, hangedman_decor_points
D:6:      lemuel_ratsnest, layout_rooms, mainiacjoe_overflow_small_starburst,
          serial_corexii_hall, corexii_hall_statues_deadend,
          corexii_hall_statues_i
D:7:      layout_basic, mainiacjoe_overflow_alcove_3,
          lightli_ossuary_entry_decrepit_ruins, kennysheep_another_room,
          minmay_manual_mail
D:8:      layout_gridville, jmf_multi_god_temple, ashenzari_altar_1,
          serial_shops, shop_fountains, uniq_harold
D:9:      layout_loops_ring
D:10:     layout_basic, mainiacjoe_overflow_boulevard,
          pdpol_wu_jian_five_deadly_venoms, kennysheep_little_box,
          minmay_lair_entry_grove, david_orc_1_choice, grunt_ministairs_10,
          chequers_serial_rivers_small_a, nicolae_transmutations_shop,
          chequers_mini_garden, nrook_uturn, nicolae_barding_shop
D:11:     layout_loops_ring, uniq_erolcha
D:13:     layout_basic, erik_vaults_2, uniq_maurice
Temple:   corrupted_temple

Skill      XL: |  1  2  3  4  5  6  7  8  9 10 11 |
---------------+----------------------------------+-----
Fighting       | 2 3 4 5 6 7 9 |  9.4
Axes           | 1 3 5 8 12 15 17 18 | 18.0
Armour         | 6 |  6.8
Evocations     | 4 |  4.3
Dodging        | |  1.1
Stealth        | |  0.7

Action                   |  1- 3 |  4- 6 |  7- 9 | 10-12 || total
-------------------------+-------+-------+-------+-------++-------
Melee: Club              |    10 |       |       |       ||    10
       Short sword       |    20 |       |       |       ||    20
       Headbutt          |     8 |    31 |   114 |    68 ||   221
       Dagger            |    50 |    42 |       |       ||    92
       Hand axe          |       |   136 |   398 |       ||   534
       War axe           |       |       |    53 |   351 ||   404
       Flail             |       |       |       |     6 ||     6
Throw: Dart              |       |     2 |       |       ||     2
Invok: Berserk           |       |       |     4 |     7 ||    11
       Trog's Hand       |       |       |     1 |     2 ||     3
       Brothers in Arms  |       |       |       |     1 ||     1
Evoke: Piece from Xom's  |       |     3 |       |       ||     3
       Wand              |       |       |     1 |     2 ||     3
Armor: Leather armour    |    22 |       |       |       ||    22
       Ring mail         |     5 |    73 |       |       ||    78
       Chain mail        |       |     7 |   194 |   161 ||   362
Dodge: Dodged            |    56 |    99 |   134 |   135 ||   424
Block: Other             |       |       |    15 |    74 ||    89
       Reflection        |       |       |     1 |       ||     1
